 Dungeon Crawl Stone Soup version 0.14.1 (webtiles) character file.

589 Heini the Covered (level 7, -3/61 HPs)
             Began as a Hill Orc Fighter on Apr 29, 2014.
             Killed from afar by an orc wizard (4 damage)
             ... with a magic dart
             ... on Level 3 of the Dungeon.
             The game lasted 00:09:25 (4517 turns).

Heini the Covered (Hill Orc Fighter)                Turns: 4517, Time: 00:09:25

HP  -3/61        AC  7     Str 21      XL: 7   Next: 11%
MP   7/7         EV  6     Int  8      God:
Gold 110         SH 18     Dex 10      Spells:  0 memorised,  6 levels left

rFire  . . .     SeeInvis .     a - +1,+0 war axe
rCold  . . .     Clarity  .     b - +0 scale mail
rNeg   . . .     Conserve +     c - +0 shield
rPois  .         rCorr    .     (no helmet)
rElec  .         rRot     .     (no cloak)
SustAb . .       Spirit   .     (no gloves)
rMut   .         Warding  .     (no boots)
Saprov + . .     Stasis   .     l - amulet of conservation {unknown}
MR     .....                    (no ring)
                                (no ring)

@: not resistant to hostile enchantments, extremely unstealthy
A: saprovore 1
a: no special abilities


You were on level 3 of the Dungeon.
You were not hungry.

You visited 1 branch of the dungeon, and saw 4 of its levels.

You collected 110 gold pieces.

Inventory:

Hand weapons
 a - a +1,+0 war axe (weapon)
Armour
 b - a +0 scale mail (worn)
 c - a +0 shield (worn)
Magical devices
 m - a wand of digging (14) {unknown}
Comestibles
 d - 4 meat rations
 g - a banana
 k - 2 chokos
 s - a chunk of rat flesh
 w - 2 bread rations
Scrolls
 j - 2 scrolls of remove curse
 o - a scroll of teleportation
 r - a scroll of noise {unknown}
Jewellery
 e - an uncursed ring of see invisible {unknown}
 i - an uncursed amulet of stasis {unknown}
 l - an amulet of conservation (around neck) {unknown}
 p - an uncursed ring of positive energy {unknown}
Potions
 f - 2 potions of curing
 n - a potion of mutation
 q - a potion of heal wounds {unknown}
 v - 2 potions of paralysis {unknown}
 x - a potion of agility {unknown}
Books
 h - a book of Party Tricks

   Spells                             Type                      Level
   Summon Butterflies                 Summoning                    1
   Apportation                        Translocation                1
   Blink                              Translocation                2
   Alistair's Intoxication            Transmutation/Poison         4
   Tukima's Dance                     Hexes                        5


   Skills:
 * Level 5.3 Fighting
 * Level 5.5 Axes
 * Level 6.5 Armour
 - Level 3.4 Shields


You had 6 spell levels left.
You didn't know any spells.

Dungeon Overview and Level Annotations

Branches:
Dungeon (4/15)
 Temple: D:4-7

Altars:
Cheibriados
Makhleb
Sif Muna


Innate Abilities, Weirdness & Mutations

You can tolerate rotten meat.


Message History

The orc wizard hits you but does no damage.
You hit the orc wizard but do no damage.
The orc wizard is heavily wounded.
The orc wizard mumbles some strange words.
The orc wizard seems to speed up.
You closely miss the orc wizard.
The orc wizard is heavily wounded.
The orc wizard gestures at you while chanting.
The magic dart hits you!
* * * LOW HITPOINT WARNING * * *
The orc wizard gestures wildly while chanting.
The orc wizard blinks!
The orc wizard hits you but does no damage.
The orc wizard casts a spell.
The orc wizard blinks!
Things that are here:
a hand axe; a ring mail; an orc corpse The orc wizard gestures at you while chanting.
The magic dart hits you!
You die...

####### #...%.# ### #.###.# #@#
#.# #)# ##### #)# #.# #.#######
#...# #)# #.# #.......# #...# #o#
#.# #######.# #...# #.# #.# #.#
#...# #.# #.# #.# #...# #.# #.#
#.# ###...##########.#
#.#########.#
..)..............####.....#.....#


You could see an orc wizard.

Vanquished Creatures
  Blork the orc (D:4)
  2 hounds
  An orc priest (D:3)
  An orc wizard (D:3)
  Natasha (twice) (D:3)
  2 worker ants
  Ijyb (D:3)
  7 adders
  A gnoll (D:1)
  2 worms (D:3)
  An adder skeleton (D:3)
  3 giant geckos (D:1)
  An ooze (D:3)
  5 orcs (D:3)
  3 ball pythons
  8 bats
  4 giant cockroaches
  9 hobgoblins
  14 jackals
  8 kobolds
  3 giant newts
  10 goblins
  9 rats
98 creatures vanquished.

Notes
Turn   | Place    | Note
--------------------------------------------------------------
     0 | D:1      | Heini, the Hill Orc Fighter, began the quest for the Orb.
     0 | D:1      | Reached XP level 1. HP: 19/19 MP: 1/1
   105 | D:1      | Reached skill level 4 in Fighting
   105 | D:1      | Reached XP level 2. HP: 2/27 MP: 2/2
   766 | D:1      | Reached XP level 3. HP: 33/33 MP: 3/3
  1325 | D:2      | Reached XP level 4. HP: 20/41 MP: 4/4
  1619 | D:2      | Found a burning altar of Makhleb.
  1670 | D:2      | Found a snail-covered altar of Cheibriados.
  1670 | D:2      | Noticed a giant slug
  1673 | D:2      | Noticed a giant slug
  1674 | D:2      | Noticed a giant slug
  1954 | D:2      | Reached XP level 5. HP: 25/47 MP: 5/5
  2171 | D:2      | Reached skill level 5 in Armour
  2670 | D:3      | Found a deep blue altar of Sif Muna.
  3278 | D:3      | Noticed Ijyb
  3301 | D:3      | Killed Ijyb
  3476 | D:3      | Noticed Natasha
  3485 | D:3      | Killed Natasha
  3485 | D:3      | Reached skill level 5 in Fighting
  3485 | D:3      | Reached XP level 6. HP: 39/56 MP: 6/6
  3577 | D:3      | Noticed Natasha
  3582 | D:3      | Killed Natasha
  3633 | D:3      | Reached skill level 6 in Armour
  3644 | D:3      | Reached skill level 5 in Axes
  4090 | D:4      | Noticed Blork the orc
  4115 | D:4      | Killed Blork the orc
  4115 | D:4      | Reached XP level 7. HP: 33/61 MP: 7/7
  4515 | D:3      | HP: 1/61 [orc wizard/magic dart (7)]
  4517 | D:3      | Killed from afar by an orc wizard

Action                   |  1- 3 |  4- 6 |  7- 9 || total
-------------------------+-------+-------+-------++-------
Melee: War axe           |   112 |   280 |    21 ||   413
  Use: Scroll            |     5 |     2 |     1 ||     8
       Potion            |       |     1 |       ||     1
